 Dungeon Crawl Stone Soup version 0.21-a0-153-g78480df (webtiles) character file.

121 tilp the Conjurer (level 5, -1/57 HPs)
             Began as a Hill Orc Fire Elementalist on Aug 1, 2017.
             Slain by a worker ant (5 damage)
             ... on level 4 of the Dungeon.
             The game lasted 00:12:15 (3397 turns).

tilp the Conjurer (Hill Orc Fire Elementalist)      Turns: 3397, Time: 00:12:15

Health: -1/57      AC:  4    Str: 16    XL:     5   Next: 5%
Magic:  6/8        EV: 12    Int: 16    God:
Gold:   182        SH:  0    Dex: 11    Spells: 1/8 levels left

rFire    . . .     SeeInvis .   q - +0 war axe (venom)
rCold    . . .     Gourm    .   (no shield)
rNeg     + . .     Faith    .   i - +0 robe (curse)
rPois    .         Spirit   .   (no helmet)
rElec    .         Reflect  .   (no cloak)
rCorr    .         Harm     .   l - +0 pair of gloves
MR       .....                  g - +0 pair of boots
Stlth    ..........             (no amulet)
HPRegen  0.19/turn              m - ring of positive energy
MPRegen  0.11/turn              n - ring of stealth

@: berserking, lethally poisoned (-1 -> -9), very quick
A: no striking features
a: no special abilities


You were on level 4 of the Dungeon.
You were not hungry.

You visited 1 branch of the dungeon, and saw 4 of its levels.

You collected 182 gold pieces.

Inventory:

Hand Weapons
 f - a +1 short sword of venom
 j - a +2 hunting sling of velocity
 q - a +0 war axe of venom (weapon)
 v - a +0 whip of electrocution
Missiles
 d - 101 stones
 x - 3 tomahawks (quivered)
Armour
 a - a +0 robe
 g - a +0 pair of boots (worn)
 i - a cursed +0 robe (worn)
 l - a +0 pair of gloves (worn)
Jewellery
 m - a ring of positive energy (left hand)
 n - a ring of stealth (right hand)
 t - an uncursed amulet of magic regeneration {unknown}
Scrolls
 e - a scroll of amnesia {unknown}
 s - 2 scrolls of identify {unknown}
 u - a scroll of enchant armour {unknown}
Potions
 p - a potion of haste {unknown}
 r - a potion of brilliance {unknown}
Books
 b - a book of Flames

   Spells                             Type                      Level
   a - Flame Tongue                   Conjuration/Fire             1
   b - Throw Flame                    Conjuration/Fire             2
   c - Conjure Flame                  Conjuration/Fire             3
   d - Inner Flame                    Hexes/Fire                   3
   e - Sticky Flame                   Conjuration/Fire             4
   f - Fireball                       Conjuration/Fire             5
 w - a book of Conjurations

   Spells                             Type                      Level
   a - Magic Dart                     Conjuration                  1
   b - Searing Ray                    Conjuration                  2
   c - Dazzling Spray                 Conjuration/Hexes            3
   d - Fulminant Prism                Conjuration/Hexes            4
   e - Force Lance                    Conjuration/Translocation    4
   f - Iskenderun's Mystic Blast      Conjuration                  4
Comestibles
 c - a bread ration
 h - 3 fruits
 o - 2 royal jellies
 z - 2 chunks of flesh


   Skills:
 + Level 1.1 Axes
 - Level 1.5 Dodging
 - Level 1.5 Stealth
 - Level 2.0 Spellcasting
 + Level 4.0 Conjurations
 * Level 3.4 Fire Magic


You had one spell level left.
You knew the following spells:

 Your Spells              Type           Power        Failure   Level  Hunger
a - Flame Tongue          Conj/Fire      ##...        4%          1    #......
b - Throw Flame           Conj/Fire      ##....       7%          2    ###....
c - Conjure Flame         Conj/Fire      ##......     13%         3    ###....
d - Magic Dart            Conj           ##..         3%          1    #......


Dungeon Overview and Level Annotations

Branches:
Dungeon (4/15)
 Temple: D:4-7

Altars:
Qazlal
Wu Jian
Yredelemnul
The Shining One


Message History

A red film seems to cover your vision as you go berserk!
You feel yourself moving faster!
You feel mighty!
You feel sick. The worker ant bites you!
* * * LOW HITPOINT WARNING * * *
Unknown command.
You are too berserk!
You barely miss the worker ant.
The worker ant is lightly wounded.
You feel sick. The worker ant bites you.
* * * LOW HITPOINT WARNING * * *
You are lethally poisoned!
The worker ant poisons you!
You hit the worker ant.
The worker ant is poisoned.
The worker ant is heavily wounded.
* * * LOW HITPOINT WARNING * * *
You feel sick. The worker ant misses you.
You closely miss the worker ant.
The worker ant is heavily wounded.
The worker ant bites you.
You die...

#####
##...#####
##........#
##..........
#..........#
#..........#
#.a@<......#
#..........#
#.#........#
#..........#
#####.######
.# .# .#


You could see a worker ant.

Vanquished Creatures
  4 adders
  A worm (D:2)
  4 dart slugs
  4 leopard geckos
  An orc (D:3)
  6 bats
  2 giant cockroaches
  10 hobgoblins
  6 jackals
  7 kobolds
  4 frilled lizards
  11 goblins
  5 rats
65 creatures vanquished.

Notes
Turn   | Place    | Note
-------+----------+-------------------------------------------
     0 | D:1      | tilp the Hill Orc Fire Elementalist began the quest for the Orb.
     0 | D:1      | Reached XP level 1. HP: 14/14 MP: 3/3
   519 | D:1      | Reached XP level 2. HP: 19/20 MP: 1/5
   531 | D:1      | Learned a level 2 spell: Throw Flame
   868 | D:1      | Reached skill level 2 in Conjurations
   975 | D:1      | Reached XP level 3. HP: 22/26 MP: 6/6
   980 | D:1      | Learned a level 3 spell: Conjure Flame
  1425 | D:2      | Found an ornate altar of the Wu Jian Council.
  1425 | D:2      | Found a glowing golden altar of the Shining One.
  1508 | D:2      | Reached skill level 3 in Conjurations
  1769 | D:2      | Reached XP level 4. HP: 33/33 MP: 4/7
  2563 | D:3      | Found a basalt altar of Yredelemnul.
  2881 | D:3      | Reached skill level 4 in Conjurations
  3064 | D:3      | Reached skill level 1 in Axes
  3064 | D:3      | Reached XP level 5. HP: 38/38 MP: 4/8
  3150 | D:3      | Learned a level 1 spell: Magic Dart
  3263 | D:3      | Found a stormy altar of Qazlal.
  3397 | D:4      | Slain by a worker ant

Vault maps used:
D:1:      mrwooster_arrival_statue_2, eino_curves_03
D:2:      gammafunk_temple_overflow_wave, serial_forest,
          infiniplex_forest_clump_cross, infiniplex_forest_clump_curved,
          infiniplex_forest_clump_small, infiniplex_forest_end_3,
          infiniplex_forest_join, infiniplex_forest_end_2
D:3:      lemuel_round_altar, nicolae_qazlal_eye_of_the_storm
D:4:      nicolae_ru_great_annihilating_truth, gammafunk_temple_overflow_claw,
          uniq_blork_the_orc

Skill      XL: |  1  2  3  4 |
---------------+-------------+-----
Spellcasting   | 2 |  2.0
Conjurations   | 2 3 4 |  4.0
Axes           | 1 |  1.1
Dodging        | |  1.5
Stealth        | |  1.5
Fire Magic     | |  3.4

Action                   |  1- 3 |  4- 6 || total
-------------------------+-------+-------++-------
Melee: Short sword       |    57 |    23 ||    80
       Spear             |     2 |       ||     2
       War axe           |       |    39 ||    39
Throw: Stone             |     3 |       ||     3
       Tomahawk          |       |     3 ||     3
 Cast: Flame Tongue      |    45 |    16 ||    61
       Conjure Flame     |     1 |       ||     1
       Throw Flame       |       |     3 ||     3
  Use: Potion            |     1 |     1 ||     2
 Stab: Sleeping          |     2 |     4 ||     6
  Eat: Chunk             |     3 |     6 ||     9
Armor: Robe              |    13 |    14 ||    27
Dodge: Dodged            |    42 |    53 ||    95
